 Dungeon Crawl Stone Soup version 0.30.0-11-gf55b779eaf (webtiles) character file.

Game seed: 9375721392779659932

3460 jurchenman the Thaumaturge (level 9, -17/45 HPs)
             Began as a Deep Elf Fire Elementalist on May 16, 2023.
             Was a Believer of Vehumet.
             Killed from afar by a smoke demon (25 damage)
             ... with a ball of steam
             ... summoned by a kobold demonologist
             ... on level 7 of the Dungeon.
             The game lasted 00:28:06 (8217 turns).

jurchenman the Thaumaturge (DEFE)                   Turns: 8217, Time: 00:28:09

Health: -17/45     AC:  4    Str:  5    XL:     9   Next: 78%
Magic:  17/24      EV: 27    Int: 25    God:    Vehumet [**....]
Gold:   349        SH:  0    Dex: 15    Spells: 22/26 levels left

rFire   . . .        w - +2 dagger (venom)
rCold   . . .        (no shield)
rNeg    . . .        a - +0 robe
rPois   .            t - +0 hat
rElec   .            (no cloak)
rCorr   .            j - +0 pair of gloves
SInv    .            u - +0 pair of boots
Will    .....        q - amulet of the acrobat
Stlth   ++           (no ring)
HPRegen 0.27/turn    (no ring)
MPRegen 0.19/turn

%: acrobat
@: acrobatic
A: no striking features
a: Renounce Religion


You were on level 7 of the Dungeon.
You worshipped Vehumet.
Vehumet was pleased with you.
You visited 2 branches of the dungeon, and saw 9 of its levels.

You collected 349 gold pieces.

Inventory:

Hand Weapons
 c - a +0 short sword
 f - a +2 dagger
 w - a +2 dagger of venom (weapon)
 z - a +2 trident of venom
Missiles
 d - 25 stones (quivered)
Armour
 a - a +0 robe (worn)
 j - a +0 pair of gloves (worn)
 l - the +5 ring mail of Kemicaoss {rElec Will+ Int+2 Stlth+}
   (You found it on level 2 of the Dungeon)

   Int:       It affects your intelligence (+2).
   rElec:     It insulates you from electricity.
   Will:      It increases your willpower.
   Stlth:     It makes you more stealthy.
 t - a +0 hat (worn)
 u - a +0 pair of boots (worn)
Jewellery
 o - a ring of ice
 q - an amulet of the acrobat (around neck)
Wands
 n - a wand of paralysis (9)
 p - a wand of flame (16)
 r - a wand of polymorph (12)
Scrolls
 k - a scroll of blinking
 y - 4 scrolls of fear
Potions
 b - 2 potions of magic
 e - 2 potions of ambrosia
 g - 2 potions of degeneration {unknown}
 h - 2 potions of curing {unknown}
 i - 2 potions of brilliance {unknown}
 m - 2 potions of invisibility {unknown}
 s - a potion of flight {unknown}
 v - 2 potions of haste {unknown}
 A - a potion of might {unknown}
 C - a potion of berserk rage {unknown}


   Skills:
 + Level 5.3 Armour
 - Level 2.4 Dodging
 - Level 2.4 Stealth
 + Level 9.3 Spellcasting
 + Level 7.4 Conjurations
 + Level 8.1 Fire Magic
 + Level 4.1 Earth Magic


You had 22 spell levels left.
You knew the following spells:

 Your Spells              Type           Power      Damage    Failure   Level
a - Foxfire               Conj/Fire      100%       2x1d9     1%          1
b - Scorch                Fire           100%       2d9       1%          2
c - Sandblast             Erth           64%        2d14      1%          1

Your spell library contained the following spells:

 Spells                   Type           Power      Damage    Failure   Level
 Kiss of Death            Conj/Necr      100%       2d13      1%          1
 Flame Wave               Conj/Fire      50%        2d12      2%          4
 Passwall                 Tmut/Erth      18%        N/A       3%          2
 Hailstorm                Conj/Ice       30%        3d8       3%          3
 Inner Flame              Hex/Fire       32%        N/A       3%          3
 Volatile Blastmotes      Fire/Tloc      64%        2d15      3%          3
 Freeze                   Ice            44%        1d6       5%          1
 Mephitic Cloud           Conj/Pois/Air  24%        N/A       6%          3
 Ensorcelled Hibernation  Hex/Ice        22%        N/A       8%          2
 Poisonous Vapours        Pois/Air       22%        N/A       8%          2
 Iskenderun's Mystic Bla  Conj/Tloc      30%        2d8       12%         4
 Confusing Touch          Hex            11%        N/A       16%         3
 Frozen Ramparts          Ice            22%        1d4       16%         3
 Swiftness                Air            11%        N/A       16%         3
 Dispel Undead            Necr           11%        3d9       45%         4
 Freezing Cloud           Conj/Ice/Air   12%        6-21      47%         5
 Conjure Ball Lightning   Conj/Air       15%        3x3d6     87%         6
 Chain Lightning          Conj/Air       15%        3d20      100%        9


Dungeon Overview and Level Annotations

Branches:
Dungeon (8/15)             Temple (1/1) D:4
   Lair: D:8-11

Altars:
Cheibriados
Dithmenos
Elyvilon
Fedhas
Gozag
Hepliaklqana
Kikubaaqudgha
Makhleb
Okawaru
Qazlal
Ru
Sif Muna
Trog
Uskayaw
Vehumet
Wu Jian
Xom
Zin
The Shining One

Annotations:
D:3 1 runed translucent door, hikkokomori's ghost, amateur BaHs
D:7 1 runed translucent door, esper6's ghost, novice DsBr
D:8 1 transporter


Message History

[Y]es or [N]o only, please.
Really walk into that cloud of steam?
Okay, then.
The smoke demon attacks as you move away!
The smoke demon hits you but does no damage.
The smoke demon closely misses you.
The smoke demon hits you but does no damage.
The ufetubus misses you.
The ufetubus hits you but does no damage.
The red devil barely misses you.
The iron imp shouts, "Get thee hence, thou dankish kobold-kissing simpleton!"
The ufetubus misses you. The ufetubus closely misses you.
The red devil misses you.
The smoke demon attacks as you move away!
The smoke demon completely misses you. The smoke demon misses you.
The smoke demon completely misses you.
The smoke demon attacks as you move away!
The smoke demon completely misses you. x2
The smoke demon hits you but does no damage.
The ufetubus attacks as you move away! The ufetubus completely misses you.
The ufetubus misses you. x2
The ufetubus hits you but does no damage.
The ufetubus attacks as you move away! The ufetubus closely misses you.
The ufetubus hits you.
* * * LOW HITPOINT WARNING * * *
The ufetubus misses you.
The ufetubus hits you but does no damage.
The smoke demon attacks as you move away!
The smoke demon hits you.
* * * LOW HITPOINT WARNING * * *
The smoke demon hits you but does no damage.
The smoke demon completely misses you.
The kobold demonologist mumbles some strange words.
The smoke demon gestures at you.
The ball of steam hits the ufetubus!!
The ufetubus dies!
The ufetubus disappears in a puff of smoke!
The ball of steam hits you!!
Ouch! That really hurt!
You die...

###.# #..######...###
..#.# #..#.5K..)5...#
#.#.# #..#.####K5##§#
#.#.# #..#.# #.K##.#
#.#.# #..#.# #..##.#
..#.###....# #.4##.#
..#.##.....# ##3.##.#
....##.##..# #..§##.#
..####.##..# #.#@##.#
..# #.##..# #.#.##.#
#.# ##.##..###.#.##.#
#.###...#...........#
#.##..#..........####
#..............###
.)......#.#.####
..........#.##
####.........##


You could see a kobold demonologist, a smoke demon (summoned), a red devil
(summoned), a quasit (summoned), a white imp (summoned) and a kobold.

Vanquished Creatures
  A kobold demonologist (D:7)
  2 steam dragons (D:6)
  Menkaure (D:5)
  A water moccasin (D:7)
  2 ice beasts (D:6)
  2 sky beasts (D:7)
  A black bear (D:4)
  5 ogres
  A centaur (D:7)
  A phantom (D:6)
  A gnoll sergeant (D:8)
  3 bullfrogs (D:7)
  8 wights (D:8)
  3 killer bees (D:7)
  4 hounds
  A gnoll bouda (D:7)
  4 orc priests
  2 sleepcaps (D:5)
  12 orc wizards
  12 gnolls
  6 adders
  A shadow imp (D:6)
  2 white imps
  2 ufetubi
  A worm (D:3)
  3 dart slugs
  10 orcs
  3 endoplasms
  3 giant cockroaches
  9 goblins
  4 hobgoblins
  4 jackals (D:1)
  8 kobolds
  5 quokkas
  9 ball pythons
  4 bats
  4 frilled lizards
  4 rats (D:1)
  2 butterflies (D:4)
151 creatures vanquished.

Vanquished Creatures (others)
  307 foxfires
307 creatures vanquished.

Grand Total: 458 creatures vanquished

Notes
Turn   | Place    | Note
-------+----------+-------------------------------------------
     0 | D:1      | jurchenman the Deep Elf Fire Elementalist began the quest
                  | for the Orb.
     0 | D:1      | Reached XP level 1. HP: 10/10 MP: 6/6
   216 | D:1      | Reached XP level 2. HP: 15/15 MP: 8/8
   221 | D:1      | Learned a level 2 spell: Scorch
   768 | D:2      | Reached XP level 3. HP: 19/19 MP: 7/10
  1271 | D:2      | Identified the +5 ring mail of Kemicaoss {rElec Will+ Int+2
                  | Stlth+}
  1632 | D:3      | Found a runed translucent door.
  1747 | D:3      | Reached skill level 4 in Spellcasting
  2100 | D:3      | Found a hide-covered altar of Uskayaw.
  2513 | D:3      | Noticed hikkokomori's ghost (amateur BaHs)
  2612 | D:4      | Noticed an ogre
  2620 | D:4      | Killed an ogre
  2621 | D:4      | Reached skill level 1 in Armour
  2621 | D:4      | Reached XP level 4. HP: 24/24 MP: 1/12
  2621 | D:4      | Reached XP level 5. HP: 28/28 MP: 1/13
  2906 | D:4      | Noticed a black bear
  2911 | D:4      | Killed a black bear
  2912 | D:4      | Reached skill level 5 in Spellcasting
  3132 | D:4      | Reached XP level 6. HP: 32/32 MP: 13/15
  3257 | D:4      | Reached skill level 5 in Fire Magic
  3532 | D:4      | Found a staircase to the Ecumenical Temple.
  3538 | Temple   | Entered the Ecumenical Temple
  3634 | Temple   | Became a worshipper of Vehumet
  3966 | D:5      | Entered Level 5 of the Dungeon
  4076 | D:5      | Got the Guidebook on Fulgent Voltage
  4117 | D:5      | You fall into a shaft and drop 3 floors!
  4146 | D:8      | Reached XP level 7. HP: 36/36 MP: 11/17
  4154 | D:8      | Reached skill level 6 in Spellcasting
  4349 | D:8      | Found a transporter.
  4493 | D:8      | Reached skill level 5 in Conjurations
  4504 | D:8      | Reached XP level 8. HP: 31/41 MP: 3/20
  4660 | D:7      | Reached skill level 7 in Spellcasting
  4811 | D:5      | Found a hazy altar of Hepliaklqana.
  5003 | D:5      | Noticed Menkaure
  5006 | D:5      | Killed Menkaure
  5334 | D:5      | Reached * piety under Vehumet
  5334 | D:5      | Offered knowledge of Sandblast by Vehumet.
  5453 | D:5      | HP: 1/41 [orc priest/+0 short sword (4)]
  6104 | D:5      | Learned a level 1 spell: Sandblast
  6168 | D:6      | Reached skill level 1 in Earth Magic
  6266 | D:6      | Reached skill level 8 in Spellcasting
  6404 | D:6      | Reached XP level 9. HP: 28/45 MP: 12/23
  7311 | D:7      | Noticed a kobold demonologist
  7313 | D:7      | Noticed a kobold demonologist
  7329 | D:7      | Killed a kobold demonologist
  7330 | D:7      | Reached skill level 5 in Armour
  7330 | D:7      | Reached skill level 9 in Spellcasting
  7856 | D:7      | Reached ** piety under Vehumet
  8085 | D:7      | Found a runed translucent door.
  8088 | D:7      | Noticed esper6's ghost (novice DsBr)
  8200 | D:7      | Noticed a kobold demonologist
  8207 | D:7      | Noticed a smoke demon
  8211 | D:7      | Noticed a red devil
  8217 | D:7      | Killed from afar by a smoke demon

Illustrated notes

Levels and vault maps discovered:
D:1:      dpeg_arrival_arbitrary_b, layout_rooms
D:2:      layout_basic, grunt_decor_arrowhead, chequers_serial_rivers_micro_b,
          dreamdust_mushroom_princess, hex_medium
D:3:      layout_loops_ring, nicolae_uskayaw_dance_hall, ebering_ghost_sewer_d
D:4:      layout_basic, minmay_temple_entry_butterflies
D:5:      layout_gridville, kennysheep_mini_moat, uniq_menkaure
D:6:      minmay_flawed_box, layout_gridville, hangedman_decor_clover_reticule,
          bh_walls_and_bars
D:7:      layout_loops_ring, ebering_ghost_reflecting_pool
D:8:      layout_loops_ring, nicolae_diode_basic
Temple:   minmay_temple_bridge_d

Skill      XL: |  1  2  3  4  5  6  7  8  9 |
---------------+----------------------------+-----
Conjurations   | 2 3 4 5 6 7 |  7.4
Spellcasting   | 4 5 6 8 9 |  9.3
Fire Magic     | 4 5 6 7 8 |  8.1
Armour         | 1 2 3 4 5 |  5.3
Earth Magic    | 2 4 |  4.1
Dodging        | |  2.4
Stealth        | |  2.4

Action                     |  1- 3 |  4- 6 |  7- 9 || total
---------------------------+-------+-------+-------++-------
  Melee: Short sword       |     4 |       |       ||     4
         Dagger            |    13 |    10 |     7 ||    30
         Trident           |       |       |     5 ||     5
   Cast: Foxfire           |    38 |    14 |   123 ||   175
         Scorch            |    20 |    28 |   100 ||   148
         Sandblast         |       |       |     3 ||     3
    Use: Scroll            |     9 |       |     7 ||    16
   Stab: Sleeping          |     3 |     1 |     3 ||     7
 Armour: Robe              |     3 |     2 |    17 ||    22
  Dodge: Dodged            |    14 |     8 |    49 ||    71
